 Dungeon Crawl Stone Soup version 0.27-a0-1139-g28e009f8a6 (webtiles) character file.

Game seed: 16700880667826591683

27 robertstho the Magician (level 3, -6/25 HPs)
             Began as a Djinni Ice Elementalist on May 7, 2021.
             Mangled by a worm (7 damage)
             ... on level 2 of the Dungeon.
             The game lasted 00:01:59 (1305 turns).

robertstho the Magician (Djinni Ice Elementalist)   Turns: 1305, Time: 00:02:00

Health: -6/25      AC:  2    Str:  7    XL:     3   Next: 10%
Gold:   17         EV: 12    Int: 17    God:
                   SH:  0    Dex: 13

rFire    + + .     SeeInvis .   c - +4 whip
rCold    x . .     Faith    .   (no shield)
rNeg     . . .     Spirit   .   a - +0 robe
rPois    ∞         Reflect  .   (no helmet)
rElec    .         Harm     .   (no cloak)
rCorr    .         Rampage  .   (no gloves)
Will     .....                  (boots unavailable)
Stlth    ++........             (no amulet)
HPRegen  0.08/turn              (no ring)
MPRegen  0.00/turn              (no ring)

@: freezing walls, flying
A: sickness immunity, fire resistance 2, cold vulnerability 1, float, innate
caster, hp casting, extra vitality 1
a: no special abilities


You were on level 2 of the Dungeon.
You visited 1 branch of the dungeon, and saw 2 of its levels.

You collected 17 gold pieces.

Inventory:

Hand Weapons
 c - a +4 whip (weapon)
Armour
 a - a +0 robe (worn)
Scrolls
 b - 2 scrolls of enchant weapon {unknown}
 d - a scroll of teleportation {unknown}
Potions
 e - a potion of curing {unknown}
 f - a potion of attraction {unknown}


   Skills:
 + Level 0.1 Maces & Flails
 + Level 2.2 Dodging
 + Level 1.5 Stealth
 + Level 4.3 Spellcasting


You couldn't memorise any spells.
You knew the following spells:

 Your Spells              Type           Power      Damage    Failure   Level
a - Freeze                Ice            72%        1d9       2%          1
b - Frozen Ramparts       Ice            36%        1d5       8%          3
c - Ozocubu's Armour      Ice            18%        N/A       8%          3
d - Hailstorm             Conj/Ice       18%        3d6       26%         4
e - Metabolic Englaciati  Hex/Ice        9%         N/A       56%         5
f - Sting                 Tmut/Pois      72%        1d6       2%          1
Your spell library was empty.

Dungeon Overview and Level Annotations

Branches:
Dungeon (2/15)

Altars:

Annotations:
D:2 Jessica


Innate Abilities, Weirdness & Mutations

You are immune to sickness and miasma.
You are immune to poison.
Your flesh is very heat resistant. (rF++)
You are vulnerable to cold. (rC-)
You float through the air rather than walking.
You learn spells naturally, not from books.
Your magical power is your life essence.
You have superior vitality. (+4 HP)


Message History

You see here a staff of poison.
Found a robe.
You see here a +0 whip.
A worm comes into view.
A worm is nearby!
A worm is nearby!
A worm is nearby!
Jessica the Apprentice Sorceress comes into view.
She is wielding a +0 dagger.
Found a scroll labelled OFRAIPL AGGA.
Jessica shouts!
The worm bites you!
You whack the worm!
The worm is heavily wounded.
You barely miss the worm.
The worm is heavily wounded.
The worm misses you.
You hit the worm.
The worm is heavily wounded.
The worm closely misses you.
Casting: Freeze (safe; 2% risk of failure)
Confirm with . or Enter, or press ? or * to list all spells.
Aiming: Freeze (safe; 2% risk of failure)
Press: ? - help, Shift-Dir - straight line, f - worm
Aim: a worm (heavily wounded)
You freeze the worm.
The worm is severely wounded.
Jessica casts a spell at you. You resist with some effort.
Casting: Freeze (safe; 2% risk of failure)
Confirm with . or Enter, or press ? or * to list all spells.
The spell is quite dangerous to cast (8% risk of failure)!
Continue anyway?
Casting: Frozen Ramparts (quite dangerous; 8% risk of failure)
Press: ? - help, Dir - look around, f - activate The walls around you are covered in ice.
The wall freezes Jessica.
Jessica gestures at you while chanting. Pain shoots through your body!
* * * LOW HITPOINT WARNING * * *
The worm bites you!
You die...

####### . ......##.
........... #.#........
.## #.#........ ##..###
##.#.....?.. .......
.###....w...... .......
.......@.@..# .......
##......##### ......
#..##.#....##### #..## .
#.###......#
....##...#####.....######
.........[......####
..############)##
......########.#########
..................##...#


You could see a worm and Jessica.

Vanquished Creatures
  A worm (D:2)
  A ball python (D:2)
  2 bats (D:1)
  2 endoplasms (D:1)
  2 giant cockroaches (D:1)
  3 goblins (D:1)
  3 hobgoblins
  A quokka (D:2)
  A frilled lizard (D:2)
  2 kobolds
  3 rats (D:1)
21 creatures vanquished.

Notes
Turn   | Place    | Note
-------+----------+-------------------------------------------
     0 | D:1      | robertstho the Djinni Ice Elementalist began the quest for
                  | the Orb.
     0 | D:1      | Reached XP level 1. HP: 15/15 MP: 0/0
   349 | D:1      | Reached XP level 2. HP: 14/21 MP: 0/0
   350 | D:1      | Reached skill level 4 in Spellcasting
   697 | D:1      | You are sucked into a shaft and drop 1 floor!
  1006 | D:2      | Reached XP level 3. HP: 18/25 MP: 0/0
  1006 | D:2      | Learned a level 1 spell: Sting
  1299 | D:2      | Noticed Jessica
  1305 | D:2      | HP: 1/25 [Jessica/nerve-wracking pain (8)]
  1305 | D:2      | Mangled by a worm

Illustrated notes

Levels and vault maps discovered:
D:1:      mrwooster_arrival_arrow, layout_loops_cross,
          ebering_ecumenical_altar_sacrificial
D:2:      layout_rooms, chequers_jeans, uniq_jessica

Skill      XL: |  1  2 |
---------------+-------+-----
Spellcasting   | 4 |  4.3
Maces & Flails | |  0.1
Dodging        | |  2.2
Stealth        | |  1.5

Action                   || total
-------------------------++-------
Melee: Whip              ||    33
       Unarmed           ||     2
 Cast: Freeze            ||    23
       Frozen Ramparts   ||     1
Armor: Robe              ||     6
Dodge: Dodged            ||    33

Table legend: (Time is in decaauts)
 A = Elapsed time spent in this place.
 B = Non-inter-level travel time spent in this place.
 C = Inter-level travel time spent in this place.
 D = Time resting spent in this place.
 E = Time spent auto-exploring this place.
 F = Levels seen in this place.
 G = Mean time per level.
                   A        B        C        D        E       F      G
               +--------+--------+--------+--------+--------+-----+--------+
         Total |   1307 |   1307 |      0 |    280 |    885 |   2 |  653.5 |
       Dungeon |   1307 |   1307 |      0 |    280 |    885 |   2 |  653.5 |
               +--------+--------+--------+--------+--------+-----+--------+

Top non-repeatable levels by time:
     D:1: 698 daAuts
     D:2: 609 daAuts
